 Dungeon Crawl Stone Soup version 0.25-a0-975-gcae8493d64 (webtiles) character file.

Game seed: 14416081724619053196, levelgen mode: deterministic

14338 Flugslaktarn the Cleaver (level 11, 0/103 HPs)
             Began as a Deep Dwarf Fighter on May 10, 2020.
             Was a High Priest of Uskayaw.
             Slain by a 13-headed hydra (10 damage)
             ... on level 2 of the Lair of Beasts.
             The game lasted 00:05:31 (7356 turns).

Flugslaktarn the Cleaver (Deep Dwarf Fighter)       Turns: 7356, Time: 00:05:32

Health: 0/103      AC: 14    Str: 21    XL:     11   Next: 87%
Magic:  7/7        EV:  7    Int:  8    God:    Uskayaw [*****.]
Gold:   603        SH: 13    Dex: 15    Spells: 10/10 levels left

rFire    . . .     SeeInvis .   s - +3 hand axe (freeze)
rCold    . . .     Gourm    .   c - +1 kite shield
rNeg     . . .     Faith    .   i - +0 chain mail
rPois    +         Spirit   .   (no helmet)
rElec    .         Reflect  .   (no cloak)
rCorr    .         Harm     .   (no gloves)
MR       +....                  r - +2 pair of boots (curse)
Stlth    ..........             (no amulet)
HPRegen  0.00/turn              o - ring of poison resistance
MPRegen  0.10/turn              j - +6 ring of slaying

@: non-regenerating
A: damage resistance, heal wounds, sense surroundings 2, no regeneration
a: Heal Wounds, Stomp, Line Pass, Grand Finale, Renounce Religion


You were on level 2 of the Lair of Beasts.
You worshipped Uskayaw.
Uskayaw was aware of your devotion.
You were hungry.

You visited 2 branches of the dungeon, and saw 14 of its levels.

You collected 603 gold pieces.

Inventory:

Hand Weapons
 a - a +0 war axe
 s - a +3 hand axe of freezing (weapon)
   (You found it on level 5 of the Dungeon)
Missiles
 f - 3 throwing nets (quivered)
Armour
 c - a +1 kite shield (worn)
 i - a +0 chain mail (worn)
   (You found it on level 6 of the Dungeon)
 k - a +0 tower shield
   (You found it on level 5 of the Dungeon)
 r - a cursed +2 pair of boots (worn)
   (You found it on level 1 of the Lair of Beasts)
Jewellery
 b - a +5 ring of strength
   (You found it on level 8 of the Dungeon)
 j - a +6 ring of slaying (right hand)
   (You found it on level 8 of the Dungeon)
 o - a ring of poison resistance (left hand)
   (You found it on level 1 of the Lair of Beasts)
Wands
 q - a wand of iceblast (13)
   (You found it on level 8 of the Dungeon)
 u - a wand of enslavement (5)
   (You found it on level 8 of the Dungeon)
 v - a wand of digging (9)
   (You took it off Ijyb on level 4 of the Dungeon)
Scrolls
 l - a scroll of vulnerability {unknown}
 t - 5 scrolls of teleportation
 x - 7 scrolls of remove curse
 y - a scroll of fear
 z - 4 scrolls of blinking
Potions
 d - 2 potions of might
 g - a potion of magic
 h - 4 potions of curing
 m - 3 potions of degeneration {unknown}
 n - a potion of resistance
 p - a potion of flight
 w - 3 potions of heal wounds
 A - a potion of invisibility {unknown}
 C - a potion of ambrosia {unknown}
 D - 3 potions of mutation {unknown}
 H - a potion of lignification
Comestibles
 e - 26 rations


   Skills:
 + Level 7.9 Fighting
 * Level 12.4 Axes
 + Level 9.4 Armour
 + Level 9.5 Shields
 + Level 9.5 Invocations


You had 10 spell levels left.
You didn't know any spells.
Your spell library was empty.

Dungeon Overview and Level Annotations

Branches:
Dungeon (12/15)            Temple (0/1) D:7            Lair (2/6) D:9
    Orc (0/2) D:10
  Swamp: Lair:2-4    Shoals: Lair:2-4     Snake: Lair:2-4    Spider: Lair:2-4

Altars:
Cheibriados
Hepliaklqana
Kikubaaqudgha
Makhleb
Nemelex Xobeh
Okawaru
Ru
Trog
Uskayaw
Yredelemnul
Zin

Shops:
D:9 (

Annotations:
D:3 3 runed translucent doors, NoobNation's ghost, amateur MfGl


Innate Abilities, Weirdness & Mutations

You are resistant to damage.
You can heal yourself by infusing magical energy.
You passively map the area around you.
You do not regenerate.


Message History

* * * LOW HITPOINT WARNING * * *
You block the 13-headed hydra's attack. The 13-headed hydra bites you. x2
* * * LOW HITPOINT WARNING * * *
The 13-headed hydra bites you.
* * * LOW HITPOINT WARNING * * *
The 13-headed hydra bites you.
* * * LOW HITPOINT WARNING * * *
The 13-headed hydra bites you.
You can now merge with and destroy a victim.
Evoke which item? (* to show all) (? for menu, Esc to quit)
Aiming: Iceblast
Press: ? - help, Shift-Dir - straight line The mass of ice explodes!
The iceblast engulfs the 13-headed hydra!
The 13-headed hydra is almost dead.
The 13-headed hydra bites you. The 13-headed hydra barely misses you.
You block the 13-headed hydra's attack. x2; The 13-headed hydra bites you.
The 13-headed hydra bites you but does no damage.
The 13-headed hydra bites you!
You die...

#...P# ,* ##..## ##..#
##. #.## #...* ** #..#
##..# *,,########.##
***###....###
........†.########
,.......#.. ,
.####............#
......... ,
....#?#....D@...#,
#........
**#.<........#...P## ,
.#...#.
#.........####### , *
*#P...# *
..###.....######....*
##..## #
##.............# #P.##
* * ###.....⌠....#####
##..# , * *
#.#.......###..#####...
,,
,#.⌠...⌠.#........>...
,
##.......##...........


You could see a 13-headed hydra (slow).

Vanquished Creatures
  A centaur warrior (D:9)
  A two-headed ogre (D:12)
  A skeletal warrior (D:12)
  A cyclops (D:11)
  2 black mambas (Lair:1)
  2 centaur skeletons
  Maggie (D:7)
  2 spiny frogs
  2 komodo dragons
  2 trolls
  A slime creature (D:12)
  2 hornets (Lair:1)
  Prince Ribbit (D:7)
  3 hippogriffs
  4 yaks (D:10)
  A wraith (D:10)
  Sigmund (D:6)
  A wyvern (D:10)
  A steam dragon (D:10)
  A basilisk (Lair:1)
  2 hungry ghosts (D:10)
  6 water moccasins
  4 orc warriors
  2 porcupines
  3 phantoms
  A black bear (D:7)
  4 sky beasts
  8 ogres
  2 ice beasts
  5 wolves (Lair:1)
  3 crocodiles
  A big kobold (D:8)
  8 bullfrogs
  A gnoll sergeant (D:11)
  A jelly (D:11)
  2 scorpions (D:7)
  A water moccasin skeleton (D:11)
  9 killer bees
  2 troll zombies (D:10)
  An electric eel (Lair:1)
  5 wights
  A howler monkey (D:8)
  4 crimson imps
  A bullfrog zombie (D:9)
  3 hounds
  2 bullfrog skeletons
  8 orc priests
  9 orc wizards
  3 iguanas
  Ijyb (D:4)
  5 worker ants
  4 ogre zombies (D:10)
  A hound zombie (D:10)
  A worker ant zombie (D:10)
  7 gnolls
  3 howler monkey skeletons
  22 adders
  2 shadow imps
  An ooze (D:3)
  An adder zombie (D:6)
  A worm (D:3)
  A dart slug (D:3)
  5 leopard geckos
  28 orcs
  A ball python (D:7)
  7 giant cockroaches
  12 goblins
  3 hobgoblins
  3 jackals (D:2)
  3 quokkas
  A ball python skeleton (D:5)
  2 bats
  3 frilled lizards
  A goblin skeleton (D:10)
  2 goblin zombies (D:10)
  2 hobgoblin zombies (D:10)
  3 kobolds (D:3)
  A leopard gecko skeleton (D:6)
  2 orc skeletons (D:10)
  12 orc zombies (D:10)
  2 quokka skeletons
  A fungus (Lair:1)
  4 plants (Lair:1)
281 creatures vanquished.

Vanquished Creatures (others)
  A fungus (Lair:1)
1 creature vanquished.

Grand Total: 282 creatures vanquished

Notes
Turn   | Place    | Note
-------+----------+-------------------------------------------
     0 | D:1      | Flugslaktarn the Deep Dwarf Fighter began the quest for the
                  | Orb.
     0 | D:1      | Reached XP level 1. HP: 20/20 MP: 1/1
    45 | D:2      | Reached XP level 2. HP: 22/27 MP: 2/2
    73 | D:3      | Found an iron altar of Okawaru.
   111 | D:3      | Noticed a sky beast
   122 | D:3      | Reached skill level 3 in Axes
   122 | D:3      | Reached XP level 3. HP: 16/34 MP: 3/3
   136 | D:3      | Killed a sky beast
   136 | D:3      | Reached skill level 4 in Axes
   136 | D:3      | Reached XP level 4. HP: 34/42 MP: 3/3
   173 | D:3      | Found a runed translucent gate.
   173 | D:3      | Found a runed translucent gate.
   173 | D:3      | Found a runed translucent gate.
   177 | D:3      | Noticed a big kobold
   177 | D:3      | Noticed NoobNation's ghost (amateur MfGl)
   181 | D:3      | Reached XP level 5. HP: 40/49 MP: 4/4
   374 | D:4      | Noticed Ijyb
   390 | D:4      | Killed Ijyb
   859 | D:4      | Noticed an ogre
   884 | D:4      | Killed an ogre
   884 | D:4      | Reached skill level 5 in Axes
   884 | D:4      | Reached XP level 6. HP: 32/57 MP: 4/4
  1085 | D:5      | Entered Level 5 of the Dungeon
  1169 | D:5      | Found a hide-covered altar of Uskayaw.
  1189 | D:5      | Became a worshipper of Uskayaw the Reveler
  1334 | D:5      | Noticed a sky beast
  1340 | D:5      | Reached * piety under Uskayaw
  1365 | D:5      | Killed a sky beast
  1365 | D:5      | Reached XP level 7. HP: 24/63 MP: 5/5
  1645 | D:6      | Reached ** piety under Uskayaw
  1649 | D:6      | Reached skill level 1 in Invocations
  1678 | D:6      | Found a sparkling altar of Nemelex Xobeh.
  1678 | D:6      | Found a basalt altar of Yredelemnul.
  1749 | D:6      | Reached skill level 5 in Shields
  1797 | D:6      | Noticed Sigmund
  1803 | D:6      | Reached *** piety under Uskayaw
  1805 | D:6      | Reached **** piety under Uskayaw
  1811 | D:6      | Reached skill level 5 in Armour
  1819 | D:6      | Killed Sigmund
  1819 | D:6      | Reached skill level 6 in Axes
  1826 | D:6      | Reached ***** piety under Uskayaw
  1872 | D:6      | Reached XP level 8. HP: 30/73 MP: 5/7
  2219 | D:6      | Reached skill level 7 in Axes
  2566 | D:7      | Reached skill level 5 in Fighting
  2711 | D:7      | Reached skill level 8 in Axes
  2730 | D:7      | Gained mutation: You passively map the area around you.
                  | [Deep Dwarf growth]
  2730 | D:7      | Reached XP level 9. HP: 28/81 MP: 8/8
  2886 | D:7      | Reached skill level 5 in Invocations
  2941 | D:7      | Found a staircase to the Ecumenical Temple.
  2972 | D:7      | Found a sacrificial altar of Ru.
  3037 | D:7      | Noticed Prince Ribbit
  3074 | D:7      | Noticed Maggie
  3113 | D:7      | Killed Maggie
  3164 | D:7      | Noticed a troll
  3166 | D:7      | Found a hazy altar of Hepliaklqana.
  3184 | D:7      | Killed a troll
  3236 | D:7      | Killed Prince Ribbit
  3236 | D:7      | Reached skill level 9 in Axes
  4036 | D:9      | Found an ancient bone altar of Kikubaaqudgha.
  4038 | D:9      | Noticed a troll
  4053 | D:9      | Killed a troll
  4053 | D:9      | Reached XP level 10. HP: 41/91 MP: 8/8
  4109 | D:9      | Found Dilugupt's Antique Weapon Emporium.
  4110 | D:9      | Found a burning altar of Makhleb.
  4115 | D:9      | Noticed a centaur warrior
  4126 | D:9      | Killed a centaur warrior
  4126 | D:9      | Reached skill level 10 in Axes
  4265 | D:9      | Found a glowing silver altar of Zin.
  4284 | D:9      | Found a bloodstained altar of Trog.
  4285 | D:9      | Found a snail-covered altar of Cheibriados.
  4409 | D:10     | Entered Level 10 of the Dungeon
  4539 | D:10     | Reached ****** piety under Uskayaw
  4555 | D:10     | Found a staircase to the Orcish Mines.
  4821 | D:10     | Reached skill level 11 in Axes
  4836 | D:10     | Found a sparkling altar of Nemelex Xobeh.
  5172 | D:11     | Noticed a cyclops
  5182 | D:11     | Killed a cyclops
  5182 | D:11     | Reached XP level 11. HP: 64/100 MP: 9/9
  5834 | D:12     | Noticed a two-headed ogre
  5834 | D:12     | Noticed a skeletal warrior
  5842 | D:12     | Killed a two-headed ogre
  5864 | D:12     | Killed a skeletal warrior
  6023 | D:9      | Found a staircase to the Lair.
  6129 | Lair:1   | Entered Level 1 of the Lair of Beasts
  6247 | Lair:1   | Reached skill level 12 in Axes
  7331 | Lair:2   | Noticed a seven-headed hydra
  7356 | Lair:2   | Slain by a 13-headed hydra

Illustrated notes

Levels and vault maps discovered:
D:1:      dpeg_arrival_simpleton_a, layout_basic, lemuel_flame_loot_1
D:2:      layout_basic, first_ration
D:3:      layout_basic, old_standard_altar, lemuel_doored_altar,
          nicolae_overflow_crystal_walls, gammafunk_ghost_nasty_kobolds,
          hex_medium, minmay_joined_circles, uniq_jessica
D:4:      layout_basic, minmay_ogre_servants, uniq_ijyb
D:5:      layout_basic, eat_drink_and_be_merry_uskayaw
D:6:      layout_loops_corners, gammafunk_temple_overflow_elements, uniq_sigmund
D:7:      layout_rooms, nicolae_ru_great_annihilating_truth,
          lemuel_coloured_pillars_altar, temple_pool_b, nrook_pool_corridor,
          minmay_between, uniq_prince_ribbit1, uniq_maggie
D:8:      layout_cave_pods, blue_anna_alchemist [blue_anna_fruit_fields,
          blue_anna_fruit_fields]
D:9:      layout_rooms, old_standard_altar, overflow_temple_1_default,
          gammafunk_temple_overflow_statue, nicolae_overflow_hidden_temple,
          lair_entry_dummy, serial_shops, shop
D:10:     layout_rooms, zombieorc1_lemuel, nemelex_altar_shiori
D:11:     layout_gridville
D:12:     layout_basic, serial_shops, shop
Lair:1:   minmay_lair_venomous_thicket, layout_gridlike
Lair:2:   layout_long_grid, spider_nest_entry_rubble, grunt_megastairs_4

Skill      XL: |  1  2  3  4  5  6  7  8  9 10 11 |
---------------+----------------------------------+-----
Fighting       | 3 4 5 6 7 |  7.9
Axes           | 3 4 5 6 8 9 11 12 | 12.4
Armour         | 4 5 6 7 8 9 |  9.4
Shields        | 4 5 6 7 8 9 |  9.5
Invocations    | 2 4 6 8 9 |  9.5

Action                   |  1- 3 |  4- 6 |  7- 9 | 10-12 || total
-------------------------+-------+-------+-------+-------++-------
Melee: War axe           |    50 |   162 |       |       ||   212
       Hand axe          |       |       |   417 |   378 ||   795
 Abil: Heal Wounds       |     1 |     4 |    27 |    14 ||    46
Evoke: Wand              |       |       |       |     5 ||     5
  Use: Scroll            |       |       |    10 |    10 ||    20
 Stab: Paralysed         |       |       |    24 |    36 ||    60
  Eat: Chunk             |       |     1 |     7 |     8 ||    16
       Ration            |       |       |     1 |     1 ||     2
Armor: Scale mail        |    29 |    78 |    16 |       ||   123
       Chain mail        |       |       |    95 |   100 ||   195
Dodge: Dodged            |    17 |    28 |    87 |    64 ||   196
Block: Kite shield       |    36 |    49 |   198 |   210 ||   493

Table legend:
 A = Non-vault XP
 B = Vault XP
 C = Vault XP percentage of total XP
 D = Non-vault monster count
 E = Vault monster count
 F = Vault count percentage of total count
                 A         B        C        D         E       F
            +---------+---------+-------+---------+---------+-------
      Total |   16691 |    3792 |  18.5 |     206 |      70 |  25.4
            +---------+---------+-------+---------+---------+-------
        D:1 |       4 |       0 |   0.0 |       2 |       0 |   0.0
        D:2 |       9 |       0 |   0.0 |       5 |       0 |   0.0
        D:3 |     185 |      35 |  15.9 |      13 |       9 |  40.9
        D:4 |      78 |     172 |  68.8 |       9 |      10 |  52.6
        D:5 |     252 |       0 |   0.0 |       3 |       0 |   0.0
        D:6 |    1280 |     208 |  14.0 |      19 |       1 |   5.0
        D:7 |    1346 |     800 |  37.3 |      20 |       8 |  28.6
        D:8 |    1029 |      95 |   8.5 |      33 |       1 |   2.9
        D:9 |    1989 |       0 |   0.0 |      16 |       0 |   0.0
       D:10 |    2140 |     842 |  28.2 |      26 |      28 |  51.9
       D:11 |    1788 |       0 |   0.0 |      30 |       0 |   0.0
       D:12 |    2104 |       0 |   0.0 |       5 |       0 |   0.0
     Lair:1 |    3053 |    1640 |  34.9 |      19 |      13 |  40.6
     Lair:2 |    1434 |       0 |   0.0 |       6 |       0 |   0.0
            +---------+---------+-------+---------+---------+-------
